 Dungeon Crawl Stone Soup version 0.30.0-13-g156ef70053 (webtiles) character file.

Game seed: 12091268879824204445

1670 browni3141 the Arsonist (level 8, -6/56 HPs)
             Began as a Demonspawn Fire Elementalist on May 17, 2023.
             Mangled by a killer bee (8 damage)
             ... on level 6 of the Dungeon.
             The game lasted 00:08:10 (4563 turns).

browni3141 the Arsonist (DsFE)                      Turns: 4563, Time: 00:08:10

Health: -6/56      AC:  5    Str:  9    XL:     8   Next: 69%
Magic:  7/11       EV: 12    Int: 19    God:
Gold:   233        SH:  0    Dex: 13    Spells: 5/11 levels left

rFire   . . .        y - +2 short sword (speed)
rCold   . . .        (no shield)
rNeg    . . .        a - +0 robe
rPois   .            (no helmet)
rElec   .            (no cloak)
rCorr   .            (no gloves)
SInv    .            L - +0 pair of boots
Will    +....        K - amulet of magic regeneration
Stlth   ++           s - ring of wizardry
HPRegen 0.29/turn    u - ring of willpower
MPRegen 0.52/turn

%: wizardry (x1)
@: lethally poisoned (-6 -> -16)
A: thin metallic scales 1, foul stench 1, powered by death 1, demonic touch 1
a: no special abilities


You were on level 6 of the Dungeon.
You visited 1 branch of the dungeon, and saw 6 of its levels.
You also visited: Sewer.

You collected 233 gold pieces.

Inventory:

Hand Weapons
 v - a +3 dagger
 y - a +2 short sword of speed (weapon)
Missiles
 J - 12 poisoned darts
 O - 2 javelins
 T - 2 boomerangs
Armour
 a - a +0 robe (worn)
 j - a +2 helmet
 l - a +2 hat
 F - a +1 helmet
 L - a +0 pair of boots (worn)
 P - a +1 pair of gloves
Jewellery
 s - a ring of wizardry (left hand)
 u - a ring of willpower (right hand)
 x - a ring of resist corrosion
 A - an amulet of guardian spirit
 K - an amulet of magic regeneration (around neck)
Wands
 p - a wand of polymorph (2)
 B - a wand of mindburst (19)
Scrolls
 k - a scroll of enchant armour {unknown}
 r - 8 scrolls of identify {unknown}
 t - a scroll of butterflies {unknown}
 w - a scroll of immolation {unknown}
 D - a scroll of poison {unknown}
 E - a scroll of amnesia {unknown}
 G - 2 scrolls of enchant weapon {unknown}
 H - 2 scrolls of fear {unknown}
 N - 2 scrolls of blinking {unknown}
 Q - 2 scrolls of vulnerability {unknown}
 V - 2 scrolls of magic mapping {unknown}
Potions
 m - 3 potions of magic
 n - a potion of brilliance {unknown}
 o - 3 potions of curing {unknown}
 q - 3 potions of heal wounds {unknown}
 z - 2 potions of haste {unknown}
 C - 2 potions of lignification {unknown}
 I - a potion of resistance {unknown}
 M - 3 potions of ambrosia {unknown}
 R - a potion of mutation {unknown}
 S - a potion of flight {unknown}
 U - a potion of berserk rage {unknown}
 W - 3 potions of attraction {unknown}
 X - a potion of cancellation {unknown}
 Y - 2 potions of degeneration {unknown}
 Z - a potion of experience {unknown}


   Skills:
 - Level 2.0 Fighting
 - Level 1.9 Dodging
 - Level 2.0 Stealth
 - Level 2.1 Spellcasting
 - Level 1.2 Conjurations
 * Level 10.2 Fire Magic


You had 5 spell levels left.
You knew the following spells:

 Your Spells              Type           Power      Damage    Failure   Level
a - Volatile Blastmotes   Fire/Tloc      42%        2d13      2%          3
x - Scorch                Fire           82%        2d8       1%          2
z - Foxfire               Conj/Fire      92%        2x1d8     1%          1

Your spell library contained the following spells:

 Spells                   Type           Power      Damage    Failure   Level
 Inner Flame              Hex/Fire       21%        N/A       2%          3
 Flame Wave               Conj/Fire      23%        2d8       6%          4
 Summon Guardian Golem    Hex/Summ       2%         N/A       21%         3
 Orb of Destruction       Conj           3%         9d5       100%        7
 Spellforged Servitor     Conj/Summ      2%         N/A       100%        7


Dungeon Overview and Level Annotations

Branches:
Dungeon (6/15)              Sewer (visited)
 Temple: D:4-7

Altars:
Dithmenos
Nemelex Xobeh

Annotations:
D:4 2 runed translucent doors, browni3141's ghost, amateur MiFi
D:5 1 runed translucent door, AverageBear's ghost, novice OpFi


Innate Abilities, Weirdness & Mutations

You are partially covered in thin metallic scales. (AC +2)
You may rarely emit foul miasma when damaged in melee.
You regenerate a little health from kills.
Your touch may inflict minor irresistible damage on your foes.


Message History

Your foxfire dissipates! x2
Your foxfire dissipates! x2
Key pressed, stopping explore.
A killer bee comes into view.
You see here a +0 giant spiked club.
A killer bee is nearby!
A killer bee is nearby!
You conjure some foxfire!
You conjure some foxfire!
A killer bee comes into view.
The foxfire hits the killer bee.
The killer bee is moderately wounded.
The foxfire hits the killer bee.
The killer bee is severely wounded.
A killer bee comes into view.
You conjure some foxfire!
The foxfire hits the killer bee but does no damage.
The killer bee is severely wounded.
The foxfire hits the killer bee.
You kill the killer bee!
A killer bee comes into view.
Your Fire Magic skill increases to level 10!
You conjure some foxfire!
The foxfire hits the killer bee.
The killer bee is heavily wounded.
You conjure some foxfire!
The foxfire hits the killer bee.
The killer bee is almost dead.
The foxfire hits the killer bee.
The killer bee is almost dead.
The foxfire hits the killer bee.
You kill the killer bee!
A killer bee comes into view.
You conjure some foxfire!
The foxfire hits the killer bee.
The killer bee is lightly wounded.
The foxfire hits the killer bee.
The killer bee is moderately wounded.
The killer bee barely misses you.
The foxfire hits the killer bee.
The killer bee is moderately wounded.
The killer bee stings you.
You hit the killer bee but do no damage.
Your touch misses the killer bee.
The killer bee is moderately wounded.
The foxfire hits the killer bee.
The killer bee is heavily wounded.
The killer bee stings you but does no damage.
The killer bee stings you. The killer bee barely misses you.
You conjure some foxfire!
The killer bee stings you. The killer bee barely misses you.
The killer bee stings you! The killer bee barely misses you. x2
You are too injured to fight recklessly!
You are too injured to fight recklessly!
You are too injured to fight recklessly!
Your foxfire dissipates!
The foxfire hits the killer bee.
The killer bee is heavily wounded.
The killer bee stings you.
* * * LOW HITPOINT WARNING * * *
You are poisoned.
The killer bee poisons you! The killer bee barely misses you.
The killer bee closely misses you.
Unknown command.
The killer bee attacks as you move away!
The killer bee stings you.
* * * LOW HITPOINT WARNING * * *
You emit a cloud of foul miasma!
You feel sick. The killer bee stings you.
* * * LOW HITPOINT WARNING * * *
You are more poisoned.
The killer bee poisons you!
The killer bee is engulfed in dark miasma.
The killer bee is poisoned.
The killer bee barely misses you.
The killer bee stings you but does no damage.
The killer bee closely misses you.
Casting: Foxfire (safe; 1% risk of failure)
Press: ? - help, Q - select action, (/) - cycle Dir - look around, f - activate You conjure some foxfire!
You feel very sick. The killer bee stings you!
* * * LOW HITPOINT WARNING * * *
You are lethally poisoned!
The killer bee poisons you! The killer bee closely misses you.
The killer bee stings you but does no damage.
The killer bee closely misses you. The killer bee misses you. x2
You hit the killer bee. Your touch misses the killer bee.
The killer bee is moderately wounded.
* * * LOW HITPOINT WARNING * * *
You feel very sick.
The foxfire hits the killer bee!
The killer bee is severely wounded.
The killer bee misses you. The killer bee closely misses you.
The killer bee stings you but does no damage.
You hit the killer bee.
You kill the killer bee!
* * * LOW HITPOINT WARNING * * *
You feel very sick. The killer bee stings you.
* * * LOW HITPOINT WARNING * * *
The killer bee misses you. The killer bee closely misses you. x2
* * * LOW HITPOINT WARNING * * *
You feel very sick. The killer bee stings you!
You die...

#.#.#.... ###.# #.#
.......... ..#.####.#
p......#..## #.#......#
...... ...# #.#####..#
#..†###..# #.# #..#
#....# ..# #.# #..#
#####....# #.###.#####..#
......†)☼###.#..........#
.......y@y...............
.........###.#.#.##.###.#
....###### #.#v#.........
.## #.#v#.##.###.#
[.#.####.###.# #
####.#......... .#.
.........#....
...###.#.#.#......#
#####.....#.#.#.##...#


You could see 2 killer bees.

Vanquished Creatures
  Grinder (D:3)
  A water moccasin (D:6)
  2 sky beasts (D:6)
  2 black bears
  An ogre (D:6)
  A phantom (D:5)
  A scorpion (D:5)
  2 bullfrogs (Sewer)
  4 killer bees (D:6)
  2 hounds (D:5)
  A jelly (D:6)
  A sleepcap (D:6)
  3 iguanas
  An orc wizard (D:5)
  Robin (D:3)
  12 adders
  4 river rats (Sewer)
  A white imp (D:6)
  A worm (D:2)
  A dart slug (D:4)
  10 orcs
  16 ball pythons
  7 endoplasms
  4 giant cockroaches
  12 goblins
  11 hobgoblins
  3 jackals (D:2)
  3 quokkas
  4 bats
  6 frilled lizards
  5 kobolds
  26 rats
150 creatures vanquished.

Vanquished Creatures (others)
  609 foxfires
609 creatures vanquished.

Grand Total: 759 creatures vanquished

Notes
Turn   | Place    | Note
-------+----------+-------------------------------------------
     0 | D:1      | browni3141 the Demonspawn Fire Elementalist began the quest
                  | for the Orb.
     0 | D:1      | Reached XP level 1. HP: 13/13 MP: 3/3
   613 | D:1      | Gained mutation: You regenerate a little health from kills.
                  | [demonic ancestry]
   613 | D:1      | Reached XP level 2. HP: 19/19 MP: 1/5
  1140 | D:2      | Reached XP level 3. HP: 27/27 MP: 3/6
  1309 | D:2      | Reached skill level 3 in Fire Magic
  1592 | D:2      | Reached XP level 4. HP: 31/33 MP: 5/7
  1867 | D:3      | Reached skill level 4 in Fire Magic
  1941 | D:3      | Found a glowing drain.
  1957 | Sewer    | Entered a sewer
  2072 | Sewer    | Gained mutation: Your touch may inflict minor irresistible
                  | damage on your foes. [demonic ancestry]
  2072 | Sewer    | Reached XP level 5. HP: 38/38 MP: 4/8
  2203 | Sewer    | Reached skill level 5 in Fire Magic
  2258 | Sewer    | Gained mutation: You may rarely emit foul miasma when
                  | damaged in melee. [demonic ancestry]
  2258 | Sewer    | Reached XP level 6. HP: 29/44 MP: 5/9
  2384 | D:3      | Reached skill level 6 in Fire Magic
  2443 | D:3      | Learned a level 2 spell: Scorch
  2447 | D:3      | Learned a level 3 spell: Volatile Blastmotes
  2546 | D:3      | Noticed Robin
  2568 | D:3      | Killed Robin
  2794 | D:3      | Noticed Grinder
  2799 | D:3      | Paralysed by Grinder for 2 turns
  2802 | D:3      | Killed Grinder
  2803 | D:3      | Reached skill level 7 in Fire Magic
  2803 | D:3      | Reached XP level 7. HP: 43/50 MP: 7/10
  3014 | D:4      | Found a shadowy altar of Dithmenos.
  3015 | D:4      | Found a sparkling altar of Nemelex Xobeh.
  3215 | D:4      | Found a large runed translucent door.
  3216 | D:4      | Found a large runed translucent door.
  3218 | D:4      | Noticed browni3141's ghost (amateur MiFi)
  3410 | D:5      | Entered Level 5 of the Dungeon
  3672 | D:5      | Reached skill level 8 in Fire Magic
  3949 | D:5      | Found a runed translucent door.
  3949 | D:5      | Noticed AverageBear's ghost (novice OpFi)
  4093 | D:6      | Gained mutation: You are partially covered in thin metallic
                  | scales. (AC +2) [demonic ancestry]
  4093 | D:6      | Reached XP level 8. HP: 50/56 MP: 5/11
  4184 | D:6      | Reached skill level 9 in Fire Magic
  4553 | D:6      | Reached skill level 10 in Fire Magic
  4563 | D:6      | HP: 2/56 [poisoned by a killer bee]
  4563 | D:6      | Mangled by a killer bee

Illustrated notes

Levels and vault maps discovered:
D:1:      moated_graveyard_arrival, layout_loops_corners, hex_tiny
D:2:      layout_rooms
D:3:      layout_basic, cheibrodos_sewer_entry_drain, kennysheep_small_spiral,
          hangedman_abyss_or_decor_lesser_grid, serial_bayou_pond_e,
          minmay_strange_pillars, kennysheep_flooded_box, uniq_robin,
          uniq_grinder
D:4:      layout_cave_pools, grunt_temple_overflow_open,
          ebering_ghost_disaster_area
D:5:      layout_basic, hellmonk_ghost_happy_afterlife
D:6:      layout_basic, minmay_ruffians, uniq_maggie

Skill      XL: |  1  2  3  4  5  6  7  8 |
---------------+-------------------------+-----
Stealth        | 2 |  2.0
Fighting       | 1 2 |  2.0
Fire Magic     | 3 4 5 7 8 10 | 10.2
Dodging        | |  1.9
Spellcasting   | |  2.1
Conjurations   | |  1.2

Action                     |  1- 3 |  4- 6 |  7- 9 || total
---------------------------+-------+-------+-------++-------
  Melee: Unarmed           |     6 |     3 |       ||     9
         Short sword       |       |       |    42 ||    42
         Touch             |       |       |     8 ||     8
         Punch             |       |       |     1 ||     1
   Cast: Foxfire           |    73 |   175 |   122 ||   370
   Stab: Sleeping          |       |       |     1 ||     1
 Armour: Robe              |     3 |    16 |    14 ||    33
  Dodge: Dodged            |    19 |    20 |    55 ||    94
